AoeStats
← DubGetter1400

Arabian Desert

509152229Analyzed
1v1 RM · 6d ago on Sep 25, 2026· 20m 11s· 2 players
Game mode
Random Map
Map size
Tiny (2 player)
Population
200
Speed
Normal
Resources
Standard
Victory
Conquest
Starting age
Dark Age
Ending age
Imperial Age
RankedLock teamsTeams togetherTeam positionsShared explorationLock speedFull tech treeHidden civsTurbo modeCheats
Victory
Defeat
🇺🇸 Saxons · United States
1280
+16
🇪🇸 Persians · Spain
1272
-16
bouito88
6:42 Loom
9:37 Feudal Age
10:13 Double-Bit Axe
10:12 Horse Collar
18:58 Castle Age
17:42 Gold Mining
DubGetter1400
8:07 Loom
10:31 Feudal Age
14:53 Castle Age
13:32 Double-Bit Axe
15:31 Scale Mail Armor
16:56 Fletching
19:24 Chain Mail Armor
Connection lost

Rejoining the realm…

Still unreachable

The connection could not be restored.

Session expired

The server has moved on; the page needs a fresh start.